 Dungeon Crawl Stone Soup version 0.30-a0-159-g068b764562 (webtiles) character file.

Game seed: 656156828571504210

24178 qw the Cleaver (level 13, -18/82 HPs)
             Began as a Gargoyle Fighter on Sept 27, 2022.
             Was a High Priest of Okawaru.
             Killed from afar by an oklob plant (28 damage)
             ... with a splash of acid
             ... on level 4 of the Lair of Beasts.
             The game lasted 00:05:43 (12403 turns).

qw the Cleaver (Gargoyle Fighter)                  Turns: 12403, Time: 00:05:44

Health: -18/82     AC: 22    Str: 29    XL:     13   Next: 11%
Magic:  15/20      EV: 15    Int: 12    God:    Okawaru [*****.]
Gold:   2243       SH: 14    Dex:  9    Spells: 12/12 levels left

rFire   . . .      SeeInvis .    Y - +2 broad axe (vorpal)
rCold   . . .      Faith    .    g - +3 buckler of the Evening {Str+4}
rNeg    + . .      Spirit   .    s - +1 chain mail {Will+}
rPois   inf        Reflect  +    f - +1 helmet {Int+3}
rElec   +          Harm     .    x - +0 cloak
rCorr   .          Rampage  .    k - +1 pair of gloves
Will    +....                    (no boots)
Stlth   ..........               p - amulet of reflection
HPRegen 0.23/turn                j - +4 ring of protection
MPRegen 0.17/turn                b - +4 ring of evasion

@: about to teleport, heroic, finesse-ful, corroded
A: sickness immunity, AC +9, negative energy resistance 1, electricity
resistance, torment resistance 1, petrification resistance
a: Renounce Religion, Heroism, Finesse, Duel


You were on level 4 of the Lair of Beasts.
You worshipped Okawaru.
Okawaru was extremely pleased with you.
You visited 2 branches of the dungeon, and saw 12 of its levels.
You also visited: Ossuary.

You collected 2485 gold pieces.
You spent 242 gold pieces at shops.


Innate Abilities, Weirdness & Mutations

You are immune to sickness and miasma.
Your stone body is resilient. (AC +9)
You are immune to poison.
You resist negative energy. (rN+)
You are resistant to electric shocks. (rElec)
You are resistant to unholy torment.
You are immune to petrification.


   Skills:
 - Level 10.2(15.2) Fighting
 + Level 13.4(18.4) Axes
 - Level 5.2(10.2) Throwing
 - Level 8.1(13.1) Armour
 - Level 2.1(7.1) Dodging
 - Level 6.0(11.0) Shields
 - Level 10.0 Invocations


You had 12 spell levels left.
You didn't know any spells.
Your spell library was empty.

Inventory:

Hand Weapons
 m - a +0 morningstar
 Y - a +2 vorpal broad axe (weapon)
Missiles
 a - 20 boomerangs (quivered)
Armour
 c - a +1 pair of boots
 f - a +1 helmet of intelligence (worn)
 g - the +3 buckler of the Evening (worn) {Str+4}
   (Okawaru gifted it to you on level 1 of the Lair of Beasts)

   Str:       It affects your strength (+4).
 k - a +1 pair of gloves (worn)
 s - a +1 chain mail of willpower (worn)
 x - a +0 cloak (worn)
Jewellery
 b - a +4 ring of evasion (right hand)
 j - a +4 ring of protection (left hand)
 p - an amulet of reflection (around neck)
Scrolls
 l - 6 scrolls of teleportation
 o - 2 scrolls of identify
Potions
 d - 5 potions of might
 e - a potion of cancellation
 i - 7 potions of lignification
 n - a potion of magic
 q - 6 potions of curing
 r - a potion of haste

Dungeon Overview and Level Annotations

Branches:
Dungeon (8/15)             Temple (0/1) D:5            Lair (4/5) D:8
 Shoals (0/4) Lair:3       Spider (0/4) Lair:3        Slime (0/5) Lair:4
Ossuary (visited)

Altars:
Cheibriados
Fedhas
Hepliaklqana
Makhleb
Nemelex Xobeh
Okawaru
Sif Muna
Trog
Uskayaw
Vehumet
Wu Jian
Xom
Jiyva

Shops:
D:7 *

Annotations:
D:1 2 transporters


Message History

The oklob plant spits acid at you.
The splash of acid hits you but does no damage.
You hit the oklob plant.
The oklob plant is lightly damaged.
You slash the oklob plant!
The oklob plant is moderately damaged.
The oklob plant spits acid at you. The splash of acid misses you.
You slice the oklob plant!!
The oklob plant is almost destroyed.
You hit the oklob plant but do no damage.
The oklob plant is almost destroyed.
You slice the oklob plant like a ripe choko!!!
You destroy the oklob plant!
Okawaru accepts your kill. The oklob plant spits acid at you.
The splash of acid hits you!! The acid corrodes you!
The oklob plant spits acid at you. The splash of acid hits you!
The acid corrodes you! The oklob plant spits acid at you.
The splash of acid hits you!!
12400 ||| READING 7 scrolls of teleportation.
As you read the scroll of teleportation, it crumbles to dust.
You feel strangely unstable. The oklob plant spits acid at you.
The splash of acid reflects off an invisible shield around you!
The splash of acid hits the oklob plant.
The oklob plant completely resists.
You slash the oklob plant!
The oklob plant is lightly damaged.
You hit the oklob plant but do no damage.
You slice the oklob plant!!
The oklob plant is almost destroyed.
You slash the oklob plant!
You hit the oklob plant but do no damage.
The oklob plant is almost destroyed.
You slash the oklob plant! The oklob plant spits acid at you.
The splash of acid hits you!!
You die...

##.........# ##
#......#...#
#.######......#...#
#......#....##...#
#...^......###...#
###........####....#
#.#........# ##..!##
.........####....##
#....[.## #.@_...#
.+.......# #PP...##
........###..>P.##
#..##.#.# ##....# ##
#..## .#.###
.######'########
#........#.##
#............###
...............#


You could see 3 oklob plants.

Vanquished Creatures
  Rupert (Lair:4)
  Harold (Lair:2)
  3 hydras
  A boulder beetle (Lair:2)
  4 death yaks (Lair:1)
  A lindwurm (Lair:4)
  An oklob plant (Lair:4)
  3 elephants (Lair:3)
  5 black mambas
  3 rime drakes
  13 cane toads
  6 komodo dragons
  A troll (D:8)
  2 hornets
  A polar bear (Lair:3)
  2 wyverns
  3 basilisks
  A steam dragon (D:6)
  3 redbacks (Lair:3)
  An acid dragon (D:8)
  7 water moccasins
  2 orc warriors (D:8)
  A sky beast (D:6)
  5 ice beasts
  An ogre (D:4)
  A black bear (Lair:1)
  2 centaurs
  A wolf (D:8)
  3 phantoms
  A kobold brigand (D:8)
  8 bullfrogs
  4 necrophages
  4 gnoll sergeants
  4 scorpions
  8 wights
  A killer bee (D:8)
  6 electric eels
  3 howler monkeys
  2 centaur zombies (Ossuary)
  3 human zombies (Ossuary)
  2 gnoll boudas (D:7)
  7 orc priests
  13 hounds
  A jelly (D:8)
  2 iguanas
  Natasha (thrice) (D:3)
  6 orc wizards
  A scorpion zombie (D:3)
  A hound skeleton (D:3)
  5 hound zombies
  4 mummies
  Robin (D:2)
  29 gnolls
  7 adders
  2 shadow imps
  2 white imps (D:6)
  An ufetubus (D:5)
  2 adder skeletons (D:3)
  3 adder zombies
  2 worms
  4 dart slugs
  32 orcs
  3 ball pythons
  5 bats
  9 endoplasms
  3 giant cockroaches
  A gnoll zombie (Ossuary)
  8 goblins
  9 hobgoblins
  4 jackals
  5 quokkas
  A ball python zombie (D:3)
  3 frilled lizards
  6 goblin zombies (Ossuary)
  3 hobgoblin zombies (Ossuary)
  2 jackal zombies (Ossuary)
  2 kobolds
  6 kobold zombies (Ossuary)
  An orc zombie (Ossuary)
  A quokka skeleton (D:3)
  5 quokka zombies
  5 rats
  4 rat zombies (Ossuary)
339 creatures vanquished.

Vanquished Creatures (others)
  A gnoll (D:8)
  6 fungi
  9 plants
16 creatures vanquished.

Grand Total: 355 creatures vanquished

Notes
Turn   | Place    | Note
-------+----------+-------------------------------------------
     0 | D:1      | qw the Gargoyle Fighter began the quest for the Orb.
     0 | D:1      | Reached XP level 1. HP: 14/14 MP: 1/1
     0 | D:1      | 0 ||| qw: Version: 0.2-a-10-g37ed214
     0 | D:1      | 0 ||| qw: Game counter: 576
     0 | D:1      | 0 ||| qw: Always use a shield: true
     0 | D:1      | 0 ||| qw: God list: Okawaru
     0 | D:1      | 0 ||| qw: Allow faded altars: false
     0 | D:1      | 0 ||| qw: Do Orc after D:15 true
     0 | D:1      | 0 ||| qw: Do second Lair branch before Depths: true
     0 | D:1      | 0 ||| qw: Lair rune preference: random
     0 | D:1      | 0 ||| qw: Plans: Normal, Zot:1-4, God:TSO, Crypt, Tomb,
                  | Pan, Slime:5, Hells, Abyss, Orb
     0 | D:1      | 0 ||| PLANNING D:1-11
    26 | D:1      | Reached skill level 2 in Axes
   168 | D:1      | Reached XP level 2. HP: 19/19 MP: 2/2
   206 | D:1      | 206 ||| Stepping ~*~*~tactically~*~*~ (hiding).
   208 | D:1      | 208 ||| Stepping ~*~*~tactically~*~*~ (hiding).
   630 | D:1      | Reached skill level 3 in Axes
   712 | D:1      | Reached XP level 3. HP: 23/23 MP: 3/3
   712 | D:1      | 712 ||| Stepping ~*~*~tactically~*~*~ (hiding).
   713 | D:1      | 713 ||| Stepping ~*~*~tactically~*~*~ (hiding).
   714 | D:1      | 714 ||| Stepping ~*~*~tactically~*~*~ (hiding).
   727 | D:1      | Found a faded altar of an unknown god.
   831 | D:1      | 831 ||| READING scroll labelled HIN NAXYICROD.
   832 | D:1      | 832 ||| READING scroll labelled HYZXUW FECOST.
   836 | D:1      | 836 ||| READING scroll labelled LEGICE GUKOSH.
   837 | D:1      | 837 ||| READING scroll labelled LYUMEPHAOWO.
   838 | D:1      | 838 ||| READING scroll labelled WEBREMNUWOR.
   839 | D:1      | 839 ||| DRINKING 2 fizzy grey potions.
   919 | D:2      | Reached skill level 1 in Throwing
   981 | D:2      | Noticed Robin
   987 | D:2      | Killed Robin
   988 | D:2      | Reached XP level 4. HP: 28/28 MP: 4/4
  1077 | D:2      | 1077 ||| Stepping ~*~*~tactically~*~*~ (stealth).
  1078 | D:2      | 1078 ||| Stepping ~*~*~tactically~*~*~ (stealth).
  1080 | D:2      | 1080 ||| Stepping ~*~*~tactically~*~*~ (stealth).
  1081 | D:2      | 1081 ||| Stepping ~*~*~tactically~*~*~ (stealth).
  1100 | D:2      | Reached skill level 4 in Axes
  1100 | D:2      | Reached XP level 5. HP: 18/32 MP: 5/5
  1453 | D:2      | 1453 ||| Stepping ~*~*~tactically~*~*~ (stealth).
  1609 | D:2      | 1609 ||| Stepping ~*~*~tactically~*~*~ (stealth).
  1655 | D:2      | Reached skill level 5 in Axes
  1945 | D:2      | 1945 ||| UPGRADING to +1 helmet of intelligence.
  1950 | D:2      | 1950 ||| UPGRADING to +0 pair of gloves.
  1955 | D:2      | 1955 ||| UPGRADING to +4 ring of protection.
  2009 | D:3      | Noticed Natasha
  2010 | D:3      | 2010 ||| Stepping ~*~*~tactically~*~*~ (hiding).
  2015 | D:3      | Killed Natasha
  2016 | D:3      | Reached XP level 6. HP: 38/38 MP: 6/6
  2241 | D:3      | 2241 ||| Stepping ~*~*~tactically~*~*~ (stealth).
  2241 | D:3      | Noticed Ijyb
  2248 | D:3      | Ijyb changed into Ijyb the iguana
  2248 | D:3      | Noticed Ijyb
  2253 | D:3      | Killed Ijyb the iguana
  2254 | D:3      | Reached skill level 1 in Dodging
  2258 | D:3      | 2258 ||| Stepping ~*~*~tactically~*~*~ (stealth).
  2259 | D:3      | 2259 ||| Stepping ~*~*~tactically~*~*~ (stealth).
  2297 | D:3      | HP: 5/38 [orc priest/divine providence (11)]
  2299 | D:3      | 2299 ||| FLEEEEING.
  2300 | D:3      | 2300 ||| FLEEEEING.
  2314 | D:3      | 2314 ||| FLEEEEING.
  2331 | D:3      | 2331 ||| FLEEEEING.
  2332 | D:3      | 2332 ||| FLEEEEING.
  2361 | D:3      | 2361 ||| FLEEEEING.
  2362 | D:3      | 2362 ||| FLEEEEING.
  2363 | D:3      | 2363 ||| FLEEEEING.
  2364 | D:3      | 2364 ||| FLEEEEING.
  2365 | D:3      | 2365 ||| FLEEEEING.
  2366 | D:3      | 2366 ||| FLEEEEING.
  2367 | D:3      | 2367 ||| FLEEEEING.
  2369 | D:3      | 2369 ||| FLEEEEING.
  2370 | D:3      | 2370 ||| FLEEEEING.
  2371 | D:3      | 2371 ||| FLEEEEING.
  2372 | D:3      | 2372 ||| FLEEEEING.
  2387 | D:3      | 2387 ||| FLEEEEING.
  2394 | D:3      | 2394 ||| STAIRDANCE
  2569 | D:2      | 2569 ||| DROPPING +1 leather armour of poison resistance.
  2570 | D:2      | 2570 ||| READING scroll labelled CYSIARUNEF.
  2604 | D:3      | Noticed Natasha
  2609 | D:3      | Killed Natasha
  2643 | D:3      | Found an iron altar of Okawaru.
  2644 | D:3      | 2644 ||| PLANNING OKAWARU WORSHIP
  2651 | D:3      | Became a worshipper of Warmaster Okawaru
  2652 | D:3      | 2652 ||| PLANNING D:1-11
  2677 | D:3      | Noticed Natasha
  2678 | D:3      | 2678 ||| Stepping ~*~*~tactically~*~*~ (stealth).
  2689 | D:3      | Killed Natasha
  2690 | D:3      | Reached XP level 7. HP: 43/43 MP: 7/7
  2750 | D:3      | Reached skill level 6 in Axes
  2795 | D:3      | 2795 ||| Stepping ~*~*~tactically~*~*~ (stealth).
  2796 | D:3      | 2796 ||| Stepping ~*~*~tactically~*~*~ (stealth).
  2804 | D:3      | Found an ornate altar of the Wu Jian Council.
  2991 | D:3      | 2991 ||| DROPPING +0 whip.
  3008 | D:3      | 3008 ||| Stepping ~*~*~tactically~*~*~ (hiding).
  3010 | D:3      | 3010 ||| Stepping ~*~*~tactically~*~*~ (hiding).
  3032 | D:3      | 3032 ||| DROPPING +2 whip of electrocution.
  3315 | D:3      | 3315 ||| UPGRADING to +0 chain mail.
  3325 | D:3      | 3325 ||| DROPPING +0 scale mail.
  3326 | D:3      | 3326 ||| READING scroll labelled QIR CYDONG.
  3377 | D:4      | 3377 ||| PLANNING OSSUARY
  3414 | D:4      | Found a blossoming altar of Fedhas.
  3715 | D:4      | Found a sand-covered staircase.
  3716 | D:4      | 3716 ||| FLEEEEING.
  3719 | D:4      | 3719 ||| FLEEEEING.
  3720 | D:4      | 3720 ||| FLEEEEING.
  3721 | D:4      | 3721 ||| FLEEEEING.
  3731 | D:4      | 3731 ||| UPGRADING to amulet of reflection.
  3736 | D:4      | 3736 ||| READING scroll labelled RYASAH INO IVE.
  3737 | D:4      | 3737 ||| FLEEEEING.
  3742 | D:4      | 3742 ||| STAIRDANCE
  3796 | D:3      | 3796 ||| DRINKING 2 sedimented orange potions.
  3799 | D:4      | 3799 ||| STAIRDANCE
  3803 | D:4      | 3803 ||| STAIRDANCE
  3811 | D:4      | 3811 ||| STAIRDANCE
  3832 | D:4      | 3832 ||| FLEEEEING.
  3833 | D:4      | 3833 ||| FLEEEEING.
  3834 | D:4      | 3834 ||| FLEEEEING.
  3840 | D:4      | 3840 ||| FLEEEEING.
  3841 | D:4      | 3841 ||| FLEEEEING.
  3842 | D:4      | 3842 ||| FLEEEEING.
  3843 | D:4      | 3843 ||| FLEEEEING.
  3844 | D:4      | 3844 ||| FLEEEEING.
  3849 | D:4      | 3849 ||| STAIRDANCE
  3857 | D:4      | 3857 ||| STAIRDANCE
  3887 | Ossuary  | Entered an ossuary
  3910 | Ossuary  | 3910 ||| Stepping ~*~*~tactically~*~*~ (stealth).
  3912 | Ossuary  | 3912 ||| Stepping ~*~*~tactically~*~*~ (stealth).
  3973 | Ossuary  | 3973 ||| Stepping ~*~*~tactically~*~*~ (stealth).
  3979 | Ossuary  | 3979 ||| Stepping ~*~*~tactically~*~*~ (stealth).
  4057 | Ossuary  | 4057 ||| Stepping ~*~*~tactically~*~*~ (stealth).
  4064 | Ossuary  | Reached skill level 7 in Axes
  4072 | Ossuary  | Reached * piety under Okawaru
  4144 | Ossuary  | 4144 ||| Stepping ~*~*~tactically~*~*~ (stealth).
  4161 | Ossuary  | Reached skill level 1 in Invocations
  4161 | Ossuary  | Reached XP level 8. HP: 48/48 MP: 8/8
  4309 | Ossuary  | 4309 ||| READING scroll labelled VIUBRI IG EWU.
  4310 | Ossuary  | 4310 ||| READING scroll labelled COLLOMPI XIAME.
  4315 | D:4      | 4315 ||| PLANNING D:1-11
  4580 | D:4      | 4580 ||| INVOKING Heroism.
  4707 | D:4      | 4707 ||| INVOKING Heroism.
  4720 | D:4      | Reached skill level 3 in Invocations
  4763 | D:4      | 4763 ||| DROPPING +2 hat.
  4764 | D:4      | 4764 ||| READING scroll labelled ISCHUTU UGEFF.
  4783 | D:5      | Entered Level 5 of the Dungeon
  4803 | D:5      | 4803 ||| Stepping ~*~*~tactically~*~*~ (stealth).
  4804 | D:5      | 4804 ||| Stepping ~*~*~tactically~*~*~ (stealth).
  4817 | D:5      | 4817 ||| Stepping ~*~*~tactically~*~*~ (stealth).
  4904 | D:5      | Reached ** piety under Okawaru
  4961 | D:5      | 4961 ||| INVOKING Heroism.
  4967 | D:5      | Reached skill level 8 in Axes
  5108 | D:5      | Found a faded altar of an unknown god.
  5108 | D:5      | Found a hazy altar of Hepliaklqana.
  5108 | D:5      | Found a faded altar of an unknown god.
  5167 | D:5      | Reached XP level 9. HP: 55/55 MP: 12/12
  5176 | D:5      | Found a staircase to the Ecumenical Temple.
  5219 | D:5      | Reached skill level 6 in Fighting
  5398 | D:5      | 5398 ||| UPGRADING to +1 chain mail of willpower.
  5408 | D:5      | 5408 ||| DROPPING +0 chain mail.
  5409 | D:5      | 5409 ||| READING 3 scrolls labelled PUEDES PUASEIC.
  5409 | D:5      | Identified 3 scrolls of acquirement
  5409 | D:5      | 5409 ||| ACQUIRING 694 gold pieces
  5409 | D:5      | Acquired 694 gold pieces
  5411 | D:5      | 5411 ||| READING 2 scrolls of acquirement.
  5411 | D:5      | 5411 ||| ACQUIRING +1 vorpal broad axe
  5411 | D:5      | Acquired a +1 vorpal broad axe
  5413 | D:5      | 5413 ||| SWAPPING to +1 vorpal broad axe.
  5414 | D:5      | 5414 ||| DROPPING +1 war axe of chaos.
  5415 | D:5      | 5415 ||| READING scroll of acquirement.
  5415 | D:5      | 5415 ||| ACQUIRING 874 gold pieces
  5415 | D:5      | Acquired 874 gold pieces
  5417 | D:5      | 5417 ||| DRINKING 3 dark potions.
  5436 | D:6      | 5436 ||| INVOKING Heroism.
  5438 | D:6      | 5438 ||| STAIRDANCE
  5455 | D:6      | 5455 ||| STAIRDANCE
  5459 | D:5      | 5459 ||| INVOKING Heroism.
  5587 | D:6      | Found a shimmering blue altar of Sif Muna.
  5587 | D:6      | Found a burning altar of Makhleb.
  5588 | D:6      | 5588 ||| Stepping ~*~*~tactically~*~*~ (hiding).
  5592 | D:6      | 5592 ||| INVOKING Heroism.
  5595 | D:6      | Reached skill level 9 in Axes
  5624 | D:6      | 5624 ||| Stepping ~*~*~tactically~*~*~ (stealth).
  5639 | D:6      | Reached *** piety under Okawaru
  5642 | D:6      | Found a bloodstained altar of Trog.
  5645 | D:6      | Found a radiant altar of Vehumet.
  5650 | D:6      | Found a snail-covered altar of Cheibriados.
  5651 | D:6      | Found a shimmering altar of Xom.
  5657 | D:6      | Found a hide-covered altar of Uskayaw.
  5658 | D:6      | Found a sparkling altar of Nemelex Xobeh.
  5819 | D:6      | 5819 ||| Stepping ~*~*~tactically~*~*~ (hiding).
  5820 | D:6      | 5820 ||| Stepping ~*~*~tactically~*~*~ (hiding).
  5838 | D:6      | 5838 ||| Stepping ~*~*~tactically~*~*~ (hiding).
  5841 | D:6      | 5841 ||| INVOKING Heroism.
  5849 | D:6      | 5849 ||| Stepping ~*~*~tactically~*~*~ (cloud).
  5953 | D:6      | 5953 ||| Stepping ~*~*~tactically~*~*~ (hiding).
  5954 | D:6      | 5954 ||| Stepping ~*~*~tactically~*~*~ (hiding).
  6132 | D:6      | 6132 ||| READING scroll labelled NOFOIDGHUEL.
  6233 | D:6      | 6233 ||| READING 2 scrolls labelled NOFADESUAPO.
  6234 | D:6      | 6234 ||| DRINKING 2 bubbling orange potions.
  6235 | D:6      | 6235 ||| DRINKING 2 coppery potions.
  6236 | D:6      | 6236 ||| DROPPING potion of brilliance.
  6237 | D:6      | 6237 ||| DROPPING potion of flight.
  6285 | D:7      | 6285 ||| INVOKING Heroism.
  6295 | D:7      | Reached skill level 3 in Throwing
  6339 | D:7      | Found Meoff's Assorted Antiques.
  6343 | D:7      | 6343 ||| BUYING 2 scrolls of teleportation (132 gold).
  6343 | D:7      | Bought 2 scrolls of teleportation for 132 gold pieces
  6343 | D:7      | 6343 ||| BUYING scroll labelled ARPHE INEAGU (22 gold).
  6343 | D:7      | Bought a scroll labelled ARPHE INEAGU for 22 gold pieces
  6343 | D:7      | 6343 ||| BUYING scroll labelled YNEKHOILERGH (22 gold).
  6343 | D:7      | Bought a scroll labelled YNEKHOILERGH for 22 gold pieces
  6343 | D:7      | 6343 ||| BUYING scroll of teleportation (66 gold).
  6343 | D:7      | Bought a scroll of teleportation for 66 gold pieces
  6492 | D:7      | 6492 ||| Stepping ~*~*~tactically~*~*~ (stealth).
  6540 | D:7      | 6540 ||| READING scroll of enchant armour.
  6540 | D:7      | 6540 ||| ENCHANTING +0 pair of gloves.
  6592 | D:7      | Noticed a hornet
  6593 | D:7      | 6593 ||| Stepping ~*~*~tactically~*~*~ (stealth).
  6602 | D:7      | 6602 ||| INVOKING Heroism.
  6603 | D:7      | Killed a hornet
  6604 | D:7      | Reached XP level 10. HP: 38/63 MP: 10/13
  6786 | D:7      | 6786 ||| Stepping ~*~*~tactically~*~*~ (stealth).
  6788 | D:7      | 6788 ||| Stepping ~*~*~tactically~*~*~ (stealth).
  6809 | D:7      | 6809 ||| INVOKING Heroism.
  6832 | D:7      | 6832 ||| FLEEEEING.
  6833 | D:7      | 6833 ||| FLEEEEING.
  6834 | D:7      | 6834 ||| FLEEEEING.
  6836 | D:7      | 6836 ||| FLEEEEING.
  6837 | D:7      | 6837 ||| FLEEEEING.
  6838 | D:7      | 6838 ||| FLEEEEING.
  6839 | D:7      | 6839 ||| FLEEEEING.
  6840 | D:7      | 6840 ||| FLEEEEING.
  6841 | D:7      | 6841 ||| FLEEEEING.
  6842 | D:7      | 6842 ||| FLEEEEING.
  6843 | D:7      | 6843 ||| FLEEEEING.
  6844 | D:7      | 6844 ||| FLEEEEING.
  6845 | D:7      | 6845 ||| FLEEEEING.
  6846 | D:7      | 6846 ||| FLEEEEING.
  6847 | D:7      | 6847 ||| FLEEEEING.
  6848 | D:7      | 6848 ||| FLEEEEING.
  6849 | D:7      | 6849 ||| FLEEEEING.
  6850 | D:7      | 6850 ||| FLEEEEING.
  6851 | D:7      | 6851 ||| FLEEEEING.
  6852 | D:7      | 6852 ||| FLEEEEING.
  6853 | D:7      | 6853 ||| INVOKING Heroism.
  6886 | D:7      | 6886 ||| INVOKING Heroism.
  6902 | D:7      | 6902 ||| INVOKING Heroism.
  6918 | D:7      | 6918 ||| INVOKING Heroism.
  6945 | D:7      | 6945 ||| INVOKING Heroism.
  6962 | D:7      | 6962 ||| FLEEEEING.
  6963 | D:7      | 6963 ||| FLEEEEING.
  6964 | D:7      | 6964 ||| FLEEEEING.
  6965 | D:7      | 6965 ||| FLEEEEING.
  6966 | D:7      | 6966 ||| FLEEEEING.
  6967 | D:7      | 6967 ||| FLEEEEING.
  6968 | D:7      | 6968 ||| FLEEEEING.
  6969 | D:7      | 6969 ||| FLEEEEING.
  6970 | D:7      | 6970 ||| FLEEEEING.
  6971 | D:7      | 6971 ||| FLEEEEING.
  6972 | D:7      | 6972 ||| FLEEEEING.
  6973 | D:7      | 6973 ||| FLEEEEING.
  6974 | D:7      | 6974 ||| FLEEEEING.
  7056 | D:7      | 7056 ||| INVOKING Heroism.
  7068 | D:7      | Reached skill level 10 in Axes
  7090 | D:7      | 7090 ||| INVOKING Heroism.
  7279 | D:7      | 7279 ||| UPGRADING to +0 cloak.
  7284 | D:7      | 7284 ||| DROPPING amulet of guardian spirit.
  7285 | D:7      | 7285 ||| UPGRADING to +4 ring of evasion.
  7286 | D:7      | 7286 ||| READING scroll labelled ARPHE INEAGU.
  7287 | D:7      | 7287 ||| READING scroll labelled YNEKHOILERGH.
  7379 | D:8      | 7379 ||| Stepping ~*~*~tactically~*~*~ (stealth).
  7382 | D:8      | 7382 ||| Stepping ~*~*~tactically~*~*~ (stealth).
  7452 | D:8      | 7452 ||| Stepping ~*~*~tactically~*~*~ (stealth).
  7456 | D:8      | 7456 ||| Stepping ~*~*~tactically~*~*~ (stealth).
  7459 | D:8      | 7459 ||| INVOKING Heroism.
  7463 | D:8      | 7463 ||| Stepping ~*~*~tactically~*~*~ (hiding).
  7478 | D:8      | Reached skill level 6 in Armour
  7485 | D:8      | 7485 ||| INVOKING Heroism.
  7498 | D:8      | Found a staircase to the Lair.
  7503 | D:8      | 7503 ||| INVOKING Heroism.
  7519 | D:8      | 7519 ||| Stepping ~*~*~tactically~*~*~ (water).
  7520 | D:8      | Received a gift from Okawaru
  7522 | D:8      | 7522 ||| INVOKING Heroism.
  7541 | D:8      | 7541 ||| INVOKING Heroism.
  7895 | D:8      | 7895 ||| INVOKING Heroism.
  7908 | D:8      | 7908 ||| INVOKING Heroism.
  8023 | D:8      | 8023 ||| Stepping ~*~*~tactically~*~*~ (stealth).
  8141 | D:8      | 8141 ||| INVOKING Heroism.
  8142 | D:8      | 8142 ||| Stepping ~*~*~tactically~*~*~ (stealth).
  8158 | D:8      | 8158 ||| Stepping ~*~*~tactically~*~*~ (stealth).
  8162 | D:8      | 8162 ||| Stepping ~*~*~tactically~*~*~ (hiding).
  8168 | D:8      | 8168 ||| INVOKING Heroism.
  8176 | D:8      | Received a gift from Okawaru
  8251 | D:8      | 8251 ||| PLANNING LAIR
  8251 | D:8      | 8251 ||| READING scroll labelled HOESMUK WYSAA.
  8252 | D:8      | 8252 ||| DRINKING 3 blue potions.
  8253 | D:8      | 8253 ||| READING 2 scrolls of identify.
  8253 | D:8      | 8253 ||| IDENTIFYING glowing amethyst potion
  8254 | D:8      | 8254 ||| DROPPING 2 potions of degeneration.
  8255 | D:8      | 8255 ||| DROPPING potion of berserk rage.
  8291 | Lair:1   | Entered Level 1 of the Lair of Beasts
  8301 | Lair:1   | 8301 ||| INVOKING Heroism.
  8459 | Lair:1   | Noticed a death yak
  8460 | Lair:1   | 8460 ||| INVOKING Heroism.
  8462 | Lair:1   | Noticed a death yak
  8463 | Lair:1   | Noticed a death yak
  8466 | Lair:1   | Noticed a death yak
  8475 | Lair:1   | Killed a death yak
  8475 | Lair:1   | Reached **** piety under Okawaru
  8476 | Lair:1   | Reached skill level 11 in Axes
  8476 | Lair:1   | Killed a death yak
  8477 | Lair:1   | Reached XP level 11. HP: 40/69 MP: 14/14
  8481 | Lair:1   | Killed a death yak
  8487 | Lair:1   | Killed a death yak
  8488 | Lair:1   | Reached skill level 9 in Fighting
  8488 | Lair:1   | Reached skill level 6 in Invocations
  8674 | Lair:1   | 8674 ||| Stepping ~*~*~tactically~*~*~ (hiding).
  8687 | Lair:1   | Reached ***** piety under Okawaru
  8695 | Lair:1   | 8695 ||| INVOKING Heroism.
  8720 | Lair:1   | 8720 ||| INVOKING Heroism.
  8725 | Lair:1   | Identified the +3 buckler of the Evening {Str+4} (Okawaru
                  | gifted it to you on level 1 of the Lair of Beasts)
  8725 | Lair:1   | Received a gift from Okawaru
  8838 | Lair:1   | 8838 ||| INVOKING Heroism.
  8968 | Lair:1   | 8968 ||| INVOKING Heroism.
  9423 | Lair:1   | 9423 ||| UPGRADING to +3 buckler of the Evening {Str+4}.
  9433 | Lair:1   | 9433 ||| DROPPING +0 buckler.
  9434 | Lair:1   | 9434 ||| DROPPING amulet of magic regeneration.
  9435 | Lair:1   | 9435 ||| DROPPING ring of flight.
  9436 | Lair:1   | 9436 ||| READING 2 scrolls of identify.
  9436 | Lair:1   | 9436 ||| IDENTIFYING glowing green potion
  9452 | Lair:2   | 9452 ||| INVOKING Heroism.
  9533 | Lair:2   | Noticed a seven-headed hydra
  9534 | Lair:2   | 9534 ||| INVOKING Heroism.
  9535 | Lair:2   | 9535 ||| INVOKING Finesse.
  9536 | Lair:2   | 9536 ||| INVOKING Finesse.
  9537 | Lair:2   | 9537 ||| SWAPPING to +0 morningstar.
  9553 | Lair:2   | Killed a seven-headed hydra
  9554 | Lair:2   | 9554 ||| SWAPPING to +1 vorpal broad axe.
  9806 | Lair:2   | 9806 ||| Stepping ~*~*~tactically~*~*~ (stealth).
  9809 | Lair:2   | 9809 ||| Stepping ~*~*~tactically~*~*~ (stealth).
  9811 | Lair:2   | 9811 ||| INVOKING Heroism.
  9842 | Lair:2   | Noticed a boulder beetle
  9855 | Lair:2   | 9855 ||| INVOKING Heroism.
  9858 | Lair:2   | Killed a boulder beetle
  9899 | Lair:2   | Noticed Harold
  9907 | Lair:2   | 9907 ||| INVOKING Heroism.
  9921 | Lair:2   | Killed Harold
  9922 | Lair:2   | Reached skill level 9 in Invocations
  9922 | Lair:2   | Reached XP level 12. HP: 73/76 MP: 18/18
 10164 | Lair:2   | Reached skill level 12 in Axes
 10339 | Lair:2   | 10339 ||| DROPPING scarf of shadows.
 10340 | Lair:2   | 10340 ||| DROPPING +6 ring of strength.
 10341 | Lair:2   | 10341 ||| READING 3 scrolls of identify.
 10341 | Lair:2   | 10341 ||| IDENTIFYING orange potion
 10342 | Lair:2   | 10342 ||| READING 2 scrolls of identify.
 10342 | Lair:2   | 10342 ||| IDENTIFYING glowing silvery potion
 10450 | Lair:3   | 10450 ||| Stepping ~*~*~tactically~*~*~ (stealth).
 10451 | Lair:3   | 10451 ||| Stepping ~*~*~tactically~*~*~ (stealth).
 10642 | Lair:3   | Reached skill level 6 in Shields
 10689 | Lair:3   | 10689 ||| INVOKING Heroism.
 10787 | Lair:3   | Noticed a six-headed hydra
 10788 | Lair:3   | 10788 ||| INVOKING Heroism.
 10789 | Lair:3   | 10789 ||| INVOKING Finesse.
 10792 | Lair:3   | 10792 ||| SWAPPING to +0 morningstar.
 10793 | Lair:3   | Killed a six-headed hydra
 10794 | Lair:3   | 10794 ||| SWAPPING to +1 vorpal broad axe.
 10857 | Lair:3   | Found a staircase to the Shoals.
 10862 | Lair:3   | 10862 ||| INVOKING Heroism.
 10916 | Lair:3   | Found a hole to the Spider Nest.
 11196 | Lair:3   | 11196 ||| INVOKING Heroism.
 11707 | Lair:3   | 11707 ||| READING 3 scrolls of identify.
 11707 | Lair:3   | 11707 ||| IDENTIFYING black potion
 11708 | Lair:3   | 11708 ||| DROPPING potion of ambrosia.
 11761 | Lair:4   | Noticed a five-headed hydra
 11762 | Lair:4   | 11762 ||| INVOKING Heroism.
 11766 | Lair:4   | 11766 ||| SWAPPING to +0 morningstar.
 11767 | Lair:4   | 11767 ||| INVOKING Finesse.
 11774 | Lair:4   | Killed a five-headed hydra
 11775 | Lair:4   | 11775 ||| SWAPPING to +1 vorpal broad axe.
 11829 | Lair:4   | Noticed Rupert
 11830 | Lair:4   | 11830 ||| INVOKING Heroism.
 11831 | Lair:4   | 11831 ||| INVOKING Finesse.
 11835 | Lair:4   | Paralysed by Rupert for 5 turns
 11847 | Lair:4   | HP: 9/77 [Rupert/+2 great mace of protection (25)]
 11848 | Lair:4   | 11848 ||| READING 8 scrolls of teleportation.
 11849 | Lair:4   | 11849 ||| DRINKING potion of heal wounds.
 11851 | Lair:4   | Killed Rupert
 11851 | Lair:4   | Identified the +13 gold dragon scales "Zeydav" {+Blink
                  | rPois rF+ rC+ Dex+2} (Okawaru gifted it to you on level 4
                  | of the Lair of Beasts)
 11851 | Lair:4   | Received a gift from Okawaru
 11852 | Lair:4   | Reached skill level 13 in Axes
 12105 | Lair:4   | 12105 ||| Stepping ~*~*~tactically~*~*~ (hiding).
 12106 | Lair:4   | 12106 ||| Stepping ~*~*~tactically~*~*~ (hiding).
 12109 | Lair:4   | 12109 ||| INVOKING Heroism.
 12114 | Lair:4   | Reached XP level 13. HP: 64/82 MP: 17/20
 12219 | Lair:4   | 12219 ||| READING scroll of enchant weapon.
 12219 | Lair:4   | 12219 ||| ENCHANTING +1 vorpal broad axe.
 12244 | Lair:4   | 12244 ||| Stepping ~*~*~tactically~*~*~ (stealth).
 12251 | Lair:4   | 12251 ||| INVOKING Heroism.
 12385 | Lair:4   | Found a viscous altar of Jiyva.
 12386 | Lair:4   | 12386 ||| INVOKING Heroism.
 12387 | Lair:4   | 12387 ||| INVOKING Finesse.
 12389 | Lair:4   | Found a staircase to the Slime Pits.
 12399 | Lair:4   | HP: 10/82 [oklob plant/splash of acid (18)]
 12400 | Lair:4   | 12400 ||| READING 7 scrolls of teleportation.
 12403 | Lair:4   | Killed from afar by an oklob plant

Levels and vault maps discovered:
D:1:      spicycebolla_arrival_transporter_tutorial, layout_loops_ring,
          hellmonk_ecumenical_altar_lost_god
D:2:      layout_basic, kennysheep_donut, uniq_robin
D:3:      layout_basic, okawaru_metal_pillars_3, mainiacjoe_overflow_alcove_1,
          serial_undead, serial_undead_a, serial_undead_d, serial_undead_c,
          serial_undead_f, serial_undead_b, serial_undead_d, serial_undead_a,
          serial_undead_e, uniq_ijyb, uniq_natasha
D:4:      layout_basic, fedhas_ov_isle_minmay, gup_ossuary_entry_pyramid,
          minmay_close_crescents
D:5:      layout_rooms, nicolae_hepliaklqana_ecumenical_no_more,
          minmay_temple_entry_poolview
D:6:      layout_basic, nicolae_overflow_hallway_of_the_gods,
          serial_corexii_hall, corexii_hall_statues_t,
          chequers_hall_statues_corner_a
D:7:      layout_cave_pools, serial_gnoll_camp, gnoll_camp_huts_moat,
          gnoll_camp_mini_shop, gnoll_camp_mini_hut, gnoll_camp_mini_hut
D:8:      layout_rooms, erik_lair_island, serial_curves, eino_curves_02,
          eino_curves_04, serial_bayou_pond_b
Lair:1:   layout_regular_city
Lair:2:   layout_concentric_octagons, minmay_hedge_maze, uniq_harold
Lair:3:   layout_cave_pods, elwin_shoals_entry_rocks, spider_nest_entry_a,
          grunt_megastairs_5
Lair:4:   layout_roguey, minmay_slime_entry_oklob_enclosed, uniq_rupert,
          uniq_josephine

Skill      XL: |  1  2  3  4  5  6  7  8  9 10 11 12 13 |
---------------+----------------------------------------+-----
Axes           | 2 3 4 5 7 8 9 11 13 | 13.4
Throwing       | 1 2 3 4 5 |  5.2
Fighting       | 4 5 7 8 9 10 | 10.2
Dodging        | 1 2 |  2.1
Invocations    | 1 4 5 9 10 | 10.0
Armour         | 4 5 6 7 8 |  8.1
Shields        | 4 5 6 |  6.0

Action                   |  1- 3 |  4- 6 |  7- 9 | 10-12 | 13-15 || total
-------------------------+-------+-------+-------+-------+-------++-------
Melee: War axe           |    51 |   124 |   231 |       |       ||   406
       Broad axe         |       |       |    97 |   437 |    25 ||   559
       Morningstar       |       |       |       |    22 |       ||    22
Throw: Javelin           |    12 |    17 |    77 |    58 |       ||   164
       Boomerang         |     2 |    14 |     9 |    27 |    11 ||    63
Invok: Heroism           |       |       |     9 |    35 |     2 ||    46
       Finesse           |       |       |       |     4 |     1 ||     5
  Use: Scroll            |     5 |     1 |    11 |     9 |     2 ||    28
       Potion            |     1 |       |     4 |     2 |       ||     7
 Stab: Paralysed         |       |       |     1 |       |       ||     1
Armor: Scale mail        |    19 |    86 |    44 |       |       ||   149
       Chain mail        |       |       |   137 |   236 |     1 ||   374
Dodge: Dodged            |    17 |    57 |    87 |   171 |     6 ||   338
Block: Buckler           |     6 |    21 |   115 |   274 |     6 ||   422
       Reflection        |       |       |     6 |    36 |     1 ||    43

Table legend:
 A = Non-vault XP
 B = Vault XP
 C = Vault XP percentage of total XP
 D = Non-vault monster count
 E = Vault monster count
 F = Vault count percentage of total count
                 A         B        C        D         E       F
            +---------+---------+-------+---------+---------+-------
      Total |   28014 |    6526 |  18.9 |     229 |     110 |  32.4
            +---------+---------+-------+---------+---------+-------
        D:1 |      40 |       0 |   0.0 |      21 |       0 |   0.0
        D:2 |     236 |      21 |   8.2 |      25 |       4 |  13.8
        D:3 |     298 |     183 |  38.0 |      29 |      12 |  29.3
        D:4 |     324 |     111 |  25.5 |      11 |       5 |  31.2
        D:5 |    1467 |       0 |   0.0 |      29 |       0 |   0.0
        D:6 |     841 |       0 |   0.0 |      15 |       0 |   0.0
        D:7 |     735 |     722 |  49.6 |      10 |      29 |  74.4
        D:8 |    1406 |    1221 |  46.5 |      30 |      14 |  31.8
     Lair:1 |    6131 |       0 |   0.0 |      14 |       0 |   0.0
     Lair:2 |    5144 |     873 |  14.5 |      16 |       1 |   5.9
     Lair:3 |    8368 |     553 |   6.2 |      22 |       3 |  12.0
     Lair:4 |    3024 |    2464 |  44.9 |       7 |       2 |  22.2
    Ossuary |       0 |     378 | 100.0 |       0 |      40 | 100.0
            +---------+---------+-------+---------+---------+-------
